Selects Indian Artillery Battlegroup
Selects Indian Artillery Battlegroup
Selects Indian Artillery Battlegroup
Construct Section Command Post
Construct Platoon Command Post
Selects Towed ML 4.2-inch Heavy Mortar
Selects Off-map Airburst Barrage
Construct Company Command Post
Towed ML 4.2-inch Heavy Mortar
Selects Gurkha Rifles Section
Selects BL5.5 Artillery Emplacement
Unlock Towed 17-pounder Anti-tank Guns
17-pounder Anti-tank Gun Team